Map: Lost and Found LE

Players

Nice - Winner!

  • Race: Protoss Protoss
  • Spawn Location: 1:00

Nerchio

  • Race: Zerg Zerg
  • Spawn Location: 7:00

Event: WCS Austin 2018

VOD

Have the link to the VOD?

Description

Time

  • Played on: June 1, 2018, 11:26 p.m.
  • Length: 18:34

All games in this series

Show
View Real Time Build Order
Export as new Build Order

Nice Protoss - Winner!

Build Orders: 1 Gate Expand, Oracle Opening, Phoenix Opening, Carriers, Mass Phoenix 

Get SALT Encoding   

  12  0:00  Probe  
  13  0:12  Probe  
  14  0:19  Pylon  
  14  0:24  Probe  
  15  0:33  Probe  
  15  0:37  Gateway  
  15  0:41  Probe  
  16  0:46  Assimilator  
  17  0:52  Probe  
  18  1:04  Probe  
  19  1:16  Probe  
  20  1:25  Nexus  
  20  1:34  Cybernetics Core  
  20  1:35  Probe  
  21  1:41  Assimilator  
  21  1:47  Probe  
  21  1:50  Pylon  
  22  1:59  Probe  
  23  2:01  Adept  
  23  2:14  Probe  
  26  2:20  Stargate  
  26  2:25  Probe  
  26  2:27  Adept  
  29  2:33  Probe  
  29  2:34  Warp Gate  
  29  2:37  Probe  
  29  2:42  Probe  
  31  2:49  Probe  
  33  2:53  Probe  
  33  2:54  Adept  
  33  2:55  Phoenix  
  36  3:01  Probe  
  39  3:05  Probe  
  39  3:07  Pylon  
  40  3:13  Probe  
  40  3:17  Oracle  
  40  3:18  Probe  
  42  3:22  Gateway  
  42  3:28  Probe  
  42  3:30  Probe  
  47  3:35  Pylon  
  47  3:37  Adept  
  47  3:45  Probe x2  
  47  3:50  Assimilator  
  47  3:52  Assimilator  
  47  3:53  Phoenix  
  49  3:57  Probe x2  
  51  4:03  Pylon  
  51  4:09  Probe x2  
  53  4:15  Pylon  
  53  4:18  Phoenix  
  56  4:26  Probe x2  
  56  4:27  Stargate  
  56  4:30  Gateway  
  57  4:32  Pylon  
  57  4:35  Phoenix  
  57  4:38  Probe  
  60  4:45  Probe  
  60  4:50  Adept x2, Probe  
  66  4:58  Phoenix  
  66  5:00  Pylon  
  67  5:13  Phoenix  
  67  5:15  Phoenix  
  67  5:21  Nexus, Pylon  
  67  5:24  Pylon  
  67  5:28  Probe  
  72  5:36  Phoenix  
  72  5:38  Phoenix  
  72  5:39  Adept x2  
  72  5:41  Adept  
  82  5:47  Protoss Air Weapons Level 1  
  82  5:50  Shield Battery  
  82  5:55  Phoenix  
  84  6:04  Probe x2  
  84  6:08  Phoenix, Pylon  
  88  6:16  Probe x2  
  90  6:28  Adept x3, Probe x2  
  90  6:30  Oracle  
  98  6:37  Oracle  
  100  6:43  Shield Battery  
  100  6:46  Pylon  
  100  6:59  Adept x2  
  100  7:00  Adept  
  94  7:04  Probe  
  94  7:05  Probe x2  
  94  7:06  Phoenix  
  91  7:10  Shield Battery  
  91  7:11  Pylon  
  91  7:16  Assimilator, Probe  
  91  7:17  Phoenix, Probe x2  
  91  7:22  Assimilator  
  96  7:29  Probe x3  
  99  7:33  Twilight Council, Forge  
  97  7:40  Phoenix  
  97  7:41  Probe x2  
  97  7:42  Phoenix  
  101  7:53  Probe  
  101  7:54  Probe  
  101  7:57  Protoss Ground Weapons Level 1  
  104  7:59  Charge  
  104  8:00  Gateway  
  104  8:02  Gateway  
  104  8:03  Gateway  
  104  8:04  Robotics Facility  
  104  8:05  Phoenix, Gateway  
  103  8:07  Phoenix  
  103  8:10  Gateway  
  105  8:21  Zealot x3  
  108  8:46  Probe x3  
  108  8:50  Zealot x3  
  114  8:56  Phoenix x2  
  114  8:59  Probe x2  
  114  9:00  Probe  
  121  9:06  Zealot  
  121  9:07  Zealot x4  
  131  9:16  Templar Archives  
  131  9:17  Pylon  
  131  9:22  Warp Prism  
  130  9:27  Phoenix x2  
  134  9:32  Nexus  
  134  9:33  Pylon  
  134  9:35  Zealot  
  134  9:36  Zealot  
  140  9:39  Protoss Ground Weapons Level 2  
  140  9:41  Pylon x2  
  136  9:52  Phoenix x2  
  140  9:53  Photon Cannon  
  140  9:57  Photon Cannon  
  132  10:03  High Templar x5  
  142  10:07  Archon x2  
  142  10:13  Zealot x3  
  148  10:16  Assimilator, Warp Prism  
  142  10:22  Assimilator  
  138  10:39  High Templar  
  138  10:40  Zealot x7  
  154  10:44  Archon  
  154  10:46  Probe x3  
  135  11:12  Fleet Beacon  
  135  11:13  High Templar x2  
  135  11:14  Zealot x3  
  135  11:15  Zealot x3  
  135  11:17  Archon  
  145  11:29  Gateway  
  145  11:32  Gateway  
  145  11:34  Zealot x4  
  145  11:35  Gateway  
  145  11:37  Gateway  
  147  11:45  Zealot x2  
  123  11:48  Mothership  
  123  11:51  Zealot x2  
  123  11:54  Carrier  
  115  11:56  Carrier  
  115  11:59  Zealot  
  115  12:00  Zealot x3  
  115  12:04  Protoss Ground Weapons Level 3  
  100  12:09  Graviton Catapult  
  98  12:21  High Templar x2  
  106  12:24  Immortal  
  106  12:29  Archon  
  98  12:33  Zealot x3  
  98  12:34  Zealot x5  
  118  12:39  High Templar x2  
  122  12:44  Archon  
  122  12:51  Nexus  
  122  12:54  Protoss Air Weapons Level 2  
  122  12:55  Zealot x4  
  130  13:03  Carrier  
  128  13:05  Zealot x4  
  128  13:09  Pylon  
  136  13:13  Carrier  
  136  13:17  Assimilator  
  136  13:21  Assimilator  
  148  13:36  Photon Cannon  
  148  13:38  Photon Cannon, Warp Prism  
  150  13:48  High Templar x2  
  150  13:49  Zealot, High Templar x2  
  150  13:51  Stargate  
  150  13:53  Archon x2  
  154  14:07  High Templar x2  
  154  14:08  Zealot x5  
  168  14:12  Archon  
  168  14:13  Observer  
  168  14:14  Carrier  
  168  14:16  Carrier  
  169  14:31  Pylon  
  175  14:39  Zealot x7  
  179  14:51  Protoss Shields Level 1  
  171  15:03  Carrier  
  176  15:08  Zealot  
  176  15:11  Zealot x6  
  184  15:20  Observer  
  182  15:21  High Templar x3  
  182  15:22  High Templar  
  182  15:26  Archon x2  
  191  15:29  Protoss Air Weapons Level 3  
  179  15:40  Zealot x7  
  183  15:59  Pylon  
  183  16:02  High Templar x3  
  183  16:03  Zealot, High Templar x2  
  187  16:05  Psionic Storm  
  187  16:07  Archon  
  187  16:08  Archon  
  187  16:10  Observer  
  184  16:12  Pylon  
  184  16:17  High Templar  
  186  16:35  Protoss Ground Armor Level 1  
  172  16:40  Warp Prism  
  164  16:48  High Templar x3  
  172  16:59  Photon Cannon  
  172  17:07  Warp Prism  
  172  17:08  High Templar, Photon Cannon  
  172  17:10  Photon Cannon  
  172  17:13  Photon Cannon  
  172  17:14  Shield Battery  
  174  17:16  Shield Battery  
  176  17:24  Zealot x10  
  176  17:25  Zealot  
  198  17:30  Nexus  
  198  17:31  Pylon  
  198  17:32  Dark Shrine  
  198  17:33  Pylon  
  198  17:34  Pylon  
  198  17:36  Assimilator  
  198  17:41  Assimilator  
  190  17:57  Zealot x7, Gateway x2  
  190  18:00  Pylon  
  190  18:11  High Templar x4  
  198  18:15  Archon x2  
  188  18:23  High Templar  
  188  18:24  High Templar x3  
  168  18:34  Archon  
Show
View Real Time Build Order
Export as new Build Order

Nerchio Zerg 

Build Orders: Hatch First 

Get SALT Encoding   

  12  0:00  Drone  
  13  0:12  Overlord  
  13  0:16  Drone  
  14  0:31  Drone x2  
  16  0:49  Hatchery  
  15  0:51  Drone  
  15  0:55  Drone  
  17  0:58  Drone  
  18  1:06  Extractor  
  17  1:14  Spawning Pool  
  17  1:17  Drone  
  17  1:20  Drone  
  18  1:28  Drone  
  19  1:38  Overlord  
  19  1:50  Drone  
  20  2:01  Queen, Zergling x2  
  20  2:02  Queen  
  20  2:06  Metabolic Boost  
  25  2:10  Zergling x2  
  25  2:13  Drone  
  27  2:16  Drone  
  27  2:21  Drone  
  30  2:22  Drone  
  30  2:39  Hatchery  
  30  2:40  Drone  
  30  2:43  Drone  
  31  2:45  Drone  
  31  2:49  Overlord  
  32  2:58  Zergling x4  
  34  3:02  Queen  
  36  3:11  Drone  
  36  3:12  Drone x4  
  41  3:16  Overlord  
  41  3:19  Drone  
  42  3:24  Drone x2  
  42  3:26  Overlord  
  44  3:34  Queen  
  44  3:37  Overlord  
  45  3:43  Zergling x6  
  45  3:47  Spore Crawler  
  46  3:50  Spore Crawler  
  46  3:51  Drone x2  
  46  3:52  Drone  
  46  3:54  Drone  
  50  3:55  Drone  
  50  4:01  Baneling Nest, Drone  
  50  4:03  Drone  
  50  4:04  Drone  
  52  4:14  Queen  
  52  4:15  Drone  
  55  4:18  Drone, Extractor  
  55  4:19  Spore Crawler, Drone x2  
  55  4:20  Drone  
  55  4:22  Drone  
  55  4:23  Drone  
  59  4:27  Drone x2  
  59  4:29  Drone x2  
  63  4:32  Overlord  
  63  4:35  Overlord  
  63  4:37  Drone  
  64  4:39  Overlord  
  64  4:45  Overlord  
  64  4:52  Drone x2  
  66  4:53  Drone x2  
  68  5:09  Roach Warren, Zergling x18  
  68  5:12  Queen x2  
  78  5:15  Lair  
  78  5:18  Zergling x6  
  81  5:28  Drone x9  
  90  5:35  Extractor  
  90  5:37  Drone x3  
  90  5:42  Drone x3  
  95  5:43  Extractor  
  95  5:47  Overlord  
  95  5:49  Baneling x6  
  94  5:51  Hatchery  
  94  5:53  Queen  
  94  5:56  Overlord  
  95  6:00  Overlord  
  95  6:03  Extractor, Zergling x8  
  97  6:04  Evolution Chamber  
  96  6:15  Zergling x2  
  96  6:16  Zergling x18  
  106  6:20  Queen x2  
  108  6:27  Zergling x2  
  108  6:28  Zergling x4  
  106  6:33  Spore Crawler, Drone  
  106  6:34  Drone  
  106  6:35  Drone  
  106  6:36  Drone x2  
  106  6:38  Drone x3  
  106  6:39  Spore Crawler, Drone  
  106  6:40  Hydralisk Den  
  106  6:43  Spore Crawler  
  104  6:48  Overlord  
  104  6:49  Overlord x2  
  104  6:53  Drone x2  
  97  6:54  Drone  
  97  7:01  Spore Crawler  
  81  7:06  Drone  
  81  7:07  Drone x6  
  86  7:08  Drone x2  
  86  7:09  Zerg Melee Weapons Level 1  
  86  7:14  Spore Crawler, Muscular Augments  
  86  7:15  Hydralisk  
  86  7:16  Queen, Hydralisk  
  86  7:19  Hydralisk  
  86  7:22  Hydralisk  
  94  7:25  Hydralisk  
  96  7:30  Hydralisk x3  
  96  7:32  Hydralisk x2  
  96  7:35  Hydralisk  
  106  7:37  Hydralisk  
  106  7:39  Drone  
  106  7:40  Drone  
  106  7:41  Drone  
  106  7:43  Drone  
  105  7:46  Drone  
  105  7:47  Drone  
  105  7:48  Drone x2  
  104  7:53  Hydralisk  
  104  7:59  Baneling x5  
  104  8:00  Hydralisk x2  
  104  8:03  Extractor  
  104  8:04  Zergling x2  
  108  8:06  Zergling x2  
  108  8:07  Zergling x2  
  110  8:15  Drone x2  
  110  8:16  Overlord, Drone  
  110  8:17  Spore Crawler  
  110  8:19  Zergling x2  
  113  8:20  Spire  
  113  8:22  Overlord  
  113  8:23  Hydralisk  
  113  8:24  Hydralisk  
  116  8:29  Spore Crawler, Hydralisk  
  116  8:33  Grooved Spines  
  117  8:37  Hydralisk x3  
  102  8:41  Spore Crawler  
  102  8:43  Hydralisk x2  
  102  8:44  Hydralisk  
  102  8:47  Hydralisk  
  108  8:50  Baneling  
  108  8:51  Baneling x5  
  108  8:52  Hydralisk  
  109  8:56  Spore Crawler  
  109  8:58  Hydralisk  
  107  9:06  Hydralisk x4  
  107  9:08  Overlord  
  115  9:12  Overlord  
  115  9:20  Hydralisk x2  
  115  9:23  Overlord  
  116  9:25  Spore Crawler  
  116  9:26  Zerg Missile Weapons Level 1  
  116  9:27  Spore Crawler  
  116  9:28  Hydralisk  
  116  9:29  Spore Crawler  
  109  9:32  Hydralisk  
  109  9:36  Hydralisk x2  
  115  9:38  Hydralisk  
  115  9:44  Hydralisk  
  111  9:46  Hydralisk  
  111  9:47  Hydralisk  
  111  9:51  Drone  
  111  9:52  Drone x3  
  119  9:57  Pneumatized Carapace  
  119  10:00  Queen  
  119  10:03  Drone x6  
  119  10:05  Extractor  
  126  10:07  Extractor  
  126  10:10  Drone x2  
  127  10:19  Hatchery  
  126  10:26  Hydralisk x4  
  126  10:27  Hydralisk  
  126  10:28  Hydralisk x2  
  105  10:31  Hydralisk  
  109  10:36  Hydralisk  
  109  10:38  Roach x3  
  109  10:39  Roach  
  109  10:41  Roach x2  
  119  10:43  Roach  
  119  10:49  Roach x2  
  127  10:50  Roach  
  127  10:52  Roach  
  127  10:55  Overlord  
  129  10:59  Overlord  
  129  11:00  Overlord  
  129  11:01  Roach x2  
  129  11:07  Overlord  
  129  11:08  Glial Reconstitution  
  129  11:16  Roach x2  
  129  11:18  Roach  
  135  11:20  Roach  
  135  11:22  Roach  
  135  11:24  Roach  
  141  11:26  Roach  
  141  11:29  Hatchery  
  141  11:32  Roach x3  
  148  11:34  Roach  
  148  11:42  Roach x2  
  148  11:43  Roach x2  
  148  11:45  Roach  
  136  11:48  Hydralisk  
  136  11:50  Hydralisk  
  120  11:54  Hydralisk  
  120  11:56  Hydralisk  
  120  12:00  Hydralisk  
  114  12:02  Queen  
  114  12:05  Roach  
  114  12:07  Roach  
  110  12:11  Ravager  
  110  12:12  Ravager  
  110  12:13  Roach  
  110  12:17  Roach x2  
  110  12:20  Roach  
  109  12:24  Ravager  
  109  12:26  Roach  
  109  12:29  Roach  
  114  12:32  Hydralisk  
  114  12:36  Hydralisk  
  117  12:49  Roach  
  117  12:51  Roach  
  121  12:54  Hydralisk  
  121  12:58  Hydralisk  
  125  13:00  Hydralisk  
  125  13:01  Hatchery  
  125  13:03  Hydralisk  
  128  13:13  Centrifical Hooks  
  128  13:16  Hydralisk x2  
  132  13:21  Drone x2  
  134  13:28  Overlord  
  134  13:29  Overlord x2  
  134  13:37  Drone x9  
  143  13:42  Zerg Missile Weapons Level 2  
  143  13:44  Evolution Chamber  
  143  13:45  Overlord x2  
  143  13:46  Overlord  
  142  13:49  Hydralisk  
  142  13:51  Hydralisk  
  146  14:02  Infestation Pit  
  145  14:03  Overseer  
  145  14:04  Hydralisk x2, Overseer  
  145  14:05  Hydralisk  
  145  14:09  Hydralisk  
  151  14:10  Hydralisk  
  151  14:14  Overseer  
  155  14:18  Zerg Ground Armor Level 1  
  155  14:31  Hydralisk x6  
  169  14:39  Hydralisk x2  
  171  14:50  Overlord  
  171  14:51  Overlord x2, Neural Parasite  
  171  14:53  Overlord  
  171  14:56  Overlord  
  159  15:14  Infestor x5  
  161  15:23  Hatchery  
  154  15:45  Hatchery  
  154  15:46  Hydralisk  
  154  15:47  Hydralisk  
  154  15:49  Hydralisk  
  144  15:54  Burrow  
  144  15:56  Infestor  
  138  15:58  Infestor  
  138  16:02  Hydralisk x3  
  140  16:28  Infestor  
  142  16:40  Hatchery  
  142  16:44  Drone x6  
  142  16:47  Extractor  
  146  16:48  Extractor  
  145  16:54  Pathogen Glands  
  145  17:02  Infestor  
  145  17:07  Infestor x2  
  151  17:14  Drone x3  
  154  17:18  Drone  
  154  17:19  Drone x2  
  157  17:23  Infestor  
  159  17:33  Overlord x3  
  159  17:37  Overlord  
  159  17:42  Overlord  
  159  17:50  Hydralisk  
  155  17:51  Hydralisk  
  157  18:10  Hydralisk  
Tags
 
Add a new tag
Caveats
  • Supply blocks, unpowered buildings, or Contaminate may cause inaccurate times.
  • Supply counts are checked every 10 seconds.